[Event "Qatar Masters-B 2024"]
[Site "Doha"]
[Date "2024.12.11"]
[Round "8.1"]
[White "Alhassadi, Yousef A."]
[Black "Syed Abdul Khader"]
[Result "1-0"]
[ECO "C45"]
[WhiteElo "2126"]
[BlackElo "1943"]
[Annotator "NA RC"]
[PlyCount "107"]
[EventDate "2024.11.24"]
[EventType "swiss"]
[EventCountry "QAT"]
[SourceTitle "playchess.com"]
[Source "ChessBase"]
[SourceQuality "1"]
[TimeControl "40/5400+30:1800+30"]

1. e4 e5 2. Nf3 Nc6 3. d4 exd4 4. Nxd4 Bc5 5. Nb3 Bb6 6. Nc3 Nf6 7. Bg5 h6 8. Bh4 O-O 9. Qe2 a5 10. a4 Nd4 11. Qd3 Nxb3 12. cxb3 c6 13. O-O-O d5 14. Qc2 Qd6 15. Kb1 d4 16. f3 Nd7 17. Bf2 Qf6 18. Na2 Ne5 19. Nc1 Be6 20. Nd3 Ng6 21. h4 h5 22. Be2 Ba7 23. g4 b5 24. gxh5 Ne5 25. Nxe5 Qxe5 26. Rhg1 bxa4 27. Rg5 Qf4 28. Rdg1 Kh8 29. Rxg7 Bxb3 30. Qd3 c5 31. e5 Qh6 32. Qe4 c4 33. e6 c3 34. Bd3 c2+ 35. Bxc2 Bxc2+ 36. Qxc2 Rac8 37. Qe4 d3 38. Bd4 Bxd4 39. Qxd4 Rc1+ 40. Rxc1 Qxg7 41. e7 Re8 42. Qd8 Qg8 43. Rc8 d2 44. Qd4+ f6 45. Rxe8 Qxe8 46. Qxf6+ Kg8 47. Qf8+ Kh7 48. Qf5+ Kg8 49. Qg5+ Kh8 50. Qh6+ Kg8 51. Qe6+ Kh8 52. Kc2 a3 53. Qh6+ Kg8 54. Qg6+ 1-0

[Event "Qatar Masters-B 2024"]
[Site "Doha"]
[Date "2024.12.11"]
[Round "8.2"]
[White "Shermuhammadov, Samandar"]
[Black "Hong, Mingren"]
[Result "1-0"]
[ECO "B40"]
[WhiteElo "2108"]
[BlackElo "1951"]
[Annotator "NA COMBH"]
[PlyCount "65"]
[EventDate "2024.11.24"]
[EventType "swiss"]
[EventCountry "QAT"]
[SourceTitle "playchess.com"]
[Source "ChessBase"]
[SourceQuality "1"]
[TimeControl "40/5400+30:1800+30"]

1. e4 c5 2. Nf3 e6 3. d3 d5 4. c3 Nc6 5. Be2 Nf6 6. e5 Nd7 7. d4 f6 8. exf6 Nxf6 9. O-O Bd6 10. Be3 cxd4 11. cxd4 O-O 12. Nc3 a6 13. Rc1 Bd7 14. h3 Kh8 15. Re1 Rc8 16. Bd3 Ne7 17. Ne5 Bxe5 18. dxe5 Nfg8 19. Ne2 Bb5 20. Bxb5 axb5 21. Bc5 Re8 22. Nd4 Nf5 23. Nxf5 exf5 24. Qd3 Qa5 25. b4 Qxa2 26. Qxf5 b6 27. Bd6 Qa6 28. Qf7 Rxc1 29. Rxc1 Rc8 30. Bf8 Rxc1+ 31. Kh2 Rh1+ 32. Kg3 Qa3+ 33. f3 1-0

[Event "Qatar Masters-B 2024"]
[Site "Doha"]
[Date "2024.12.11"]
[Round "8.3"]
[White "Zozek Salah Mohammed"]
[Black "Achour, Mohamed Anis"]
[Result "0-1"]
[ECO "E11"]
[WhiteElo "2206"]
[BlackElo "2051"]
[Annotator "RC"]
[PlyCount "86"]
[EventDate "2024.11.24"]
[EventType "swiss"]
[EventCountry "QAT"]
[SourceTitle "playchess.com"]
[Source "ChessBase"]
[SourceQuality "1"]
[TimeControl "40/5400+30:1800+30"]

1. d4 d5 2. Nf3 Nf6 3. c4 e6 4. g3 Bb4+ 5. Bd2 a5 6. Bg2 O-O 7. O-O dxc4 8. Qc2 Bxd2 9. Nbxd2 b5 10. a4 c6 11. e4 Na6 12. e5 Nb4 13. Qb1 Nfd5 14. Ne4 h6 15. Nd6 Ba6 16. Ra3 bxa4 17. Nd2 c3 18. bxc3 Bxf1 19. Bxf1 Na6 20. c4 Ndb4 21. c5 Nc7 22. N2e4 Rb8 23. Rxa4 Nb5 24. Qd1 Nd5 25. Qa1 f5 26. exf6 Nxf6 27. Qa2 Nd5 28. Nxb5 cxb5 29. Rxa5 b4 30. Ra6 Ra8 31. Bc4 Rxa6 32. Qxa6 Nc7 33. Bxe6+ Kh8 34. Qc4 Nxe6 35. Qxe6 Qxd4 36. Kg2 b3 37. f3 b2 38. Qb3 Qe5 39. Qd3 Rb8 40. Qb1 Qd5 41. h4 Qc4 42. c6 Qxc6 43. Nd2 Qc1 0-1

[Event "Qatar Masters-B 2024"]
[Site "Doha"]
[Date "2024.12.11"]
[Round "8.4"]
[White "Boulrens, Ala Eddine"]
[Black "Aryan Mehta"]
[Result "1/2-1/2"]
[ECO "B22"]
[WhiteElo "2144"]
[BlackElo "1762"]
[Annotator "NA RC"]
[PlyCount "98"]
[EventDate "2024.11.24"]
[EventType "swiss"]
[EventCountry "QAT"]
[SourceTitle "playchess.com"]
[Source "ChessBase"]
[SourceQuality "1"]
[TimeControl "40/5400+30:1800+30"]

1. e4 c5 2. c3 d5 3. exd5 Qxd5 4. d4 Nc6 5. Nf3 Bf5 6. Be3 cxd4 7. Nxd4 Nf6 8. Nxf5 Qxf5 9. Nd2 Nd5 10. Qa4 Nxe3 11. fxe3 Qc5 12. O-O-O O-O-O 13. Bb5 Ne5 14. Nf3 Rd6 15. Nxe5 Qxe5 16. Bd7+ Kb8 17. Qc4 a6 18. Rxd6 exd6 19. e4 Be7 20. a3 Rd8 21. Bh3 Qf4+ 22. Kb1 d5 23. Qe2 Qxe4+ 24. Qxe4 dxe4 25. Re1 Bd6 26. Rxe4 Bxh2 27. Re7 Rf8 28. Bg4 g6 29. Bf3 Bc7 30. Bd5 Kc8 31. Rxf7 Rxf7 32. Bxf7 Bg3 33. Kc2 Kc7 34. Kd3 Kd6 35. b4 b6 36. Ke4 Be1 37. Kd4 g5 38. g4 h6 39. c4 a5 40. c5+ Kc7 41. bxa5 Bxa5 42. Kd5 bxc5 43. Kxc5 Kb7 44. Kb5 Bd2 45. a4 Ka7 46. a5 Be3 47. a6 Bd2 48. Bc4 Be3 49. Kc6 Bd2 1/2-1/2

[Event "Qatar Masters-B 2024"]
[Site "Doha"]
[Date "2024.12.11"]
[Round "8.5"]
[White "Akhmediyar, Yernur"]
[Black "Araoune, Saadi"]
[Result "1/2-1/2"]
[ECO "E62"]
[WhiteElo "1898"]
[BlackElo "2085"]
[Annotator "NA RC"]
[PlyCount "65"]
[EventDate "2024.11.24"]
[EventType "swiss"]
[EventCountry "QAT"]
[SourceTitle "playchess.com"]
[Source "ChessBase"]
[SourceQuality "1"]
[TimeControl "40/5400+30:1800+30"]

1. c4 Nf6 2. Nc3 g6 3. g3 Bg7 4. Bg2 O-O 5. d4 d6 6. Nf3 c6 7. O-O Bf5 8. Nh4 Be6 9. Qd3 d5 10. b3 Qa5 11. cxd5 Nxd5 12. Nxd5 cxd5 13. e3 Nc6 14. Bd2 Qb6 15. Rfc1 Rfc8 16. a3 Na5 17. Bb4 Nc6 18. Bc5 Qd8 19. a4 b6 20. Ba3 Na5 21. Qd1 Bf6 22. Nf3 Rxc1 23. Rxc1 Rc8 24. Nd2 Qd7 25. Bf1 Rxc1 26. Qxc1 Qc6 27. Bb5 Qxc1+ 28. Bxc1 Bc8 29. Ba3 Bb7 30. Kf1 Bc6 31. Ba6 Bb7 32. Bb5 Bc6 33. Ba6 1/2-1/2

[Event "Qatar Masters-B 2024"]
[Site "Doha"]
[Date "2024.12.11"]
[Round "8.6"]
[White "Mahmood Lodhi"]
[Black "Khalil, Manar"]
[Result "1-0"]
[ECO "D02"]
[WhiteElo "2150"]
[BlackElo "1900"]
[Annotator "RC"]
[PlyCount "121"]
[EventDate "2024.11.24"]
[EventType "swiss"]
[EventCountry "QAT"]
[SourceTitle "playchess.com"]
[Source "ChessBase"]
[SourceQuality "1"]
[TimeControl "40/5400+30:1800+30"]

1. d4 d5 2. Nf3 Nf6 3. g3 e6 4. Bg2 c5 5. O-O Nc6 6. b3 Be7 7. Bb2 O-O 8. e3 b5 9. Qe2 Rb8 10. Nbd2 c4 11. Ne5 Qc7 12. a4 Nxe5 13. dxe5 c3 14. exf6 Bxf6 15. Ba3 b4 16. Bxb4 Rxb4 17. Nf3 Qb6 18. Rfd1 Ba6 19. Qe1 Rc8 20. Bf1 Bb7 21. Qe2 e5 22. Ne1 Qe6 23. Nd3 Rb6 24. b4 Ba8 25. a5 Rbb8 26. Nc5 Qc6 27. Rab1 d4 28. e4 Be7 29. Na6 Rb7 30. b5 Qe6 31. Qh5 g6 32. Qh3 Qxh3 33. Bxh3 Rd8 34. Bf1 Rbd7 35. Bd3 Kg7 36. Nb4 Rc8 37. f3 h5 38. Kg2 h4 39. Nc6 Bd6 40. Nb4 f6 41. a6 hxg3 42. hxg3 Rdd8 43. Na2 Rb8 44. Nc1 Bc6 45. Ne2 Bd7 46. Rh1 Bc5 47. Rh2 Rh8 48. Rxh8 Kxh8 49. g4 Be6 50. Kg3 Rb6 51. f4 Ba3 52. f5 Bg8 53. fxg6 Kg7 54. Kf3 Bb2 55. Ng3 Kxg6 56. Nf5 Rb8 57. Ne7+ Kg7 58. Nc6 Ra8 59. Nxa7 Be6 60. b6 Bc8 61. Nxc8 1-0

[Event "Qatar Masters-B 2024"]
[Site "Doha"]
[Date "2024.12.11"]
[Round "8.7"]
[White "Ali, Abdulaziz"]
[Black "Albadri Sattar"]
[Result "0-1"]
[ECO "C02"]
[WhiteElo "1978"]
[BlackElo "2139"]
[Annotator "NA RC"]
[PlyCount "66"]
[EventDate "2024.11.24"]
[EventType "swiss"]
[EventCountry "QAT"]
[SourceTitle "playchess.com"]
[Source "ChessBase"]
[SourceQuality "1"]
[TimeControl "40/5400+30:1800+30"]

1. e4 e6 2. d4 d5 3. e5 c5 4. c3 Qb6 5. Nf3 Nc6 6. Bd3 cxd4 7. O-O Bd7 8. Bc2 dxc3 9. Nxc3 Nb4 10. Bb1 Rc8 11. Be3 Bc5 12. Bxc5 Qxc5 13. Nd4 Ne7 14. Kh1 Qc4 15. f4 O-O 16. a3 Nbc6 17. Ndb5 Qc5 18. Nd6 Rb8 19. Bxh7+ Kxh7 20. Qh5+ Kg8 21. Rf3 Ng6 22. b4 Qd4 23. Rd1 Nxf4 24. Qg4 Qxe5 25. Qxf4 Qxf4 26. Rxf4 a6 27. Nde4 dxe4 28. Rxd7 Ne5 29. Rd1 Nd3 30. Rff1 f5 31. g3 Rfd8 32. h4 Rbc8 33. Ne2 Nf2+ 0-1

[Event "Qatar Masters-B 2024"]
[Site "Doha"]
[Date "2024.12.11"]
[Round "8.8"]
[White "Gyana Sai Santhosh M"]
[Black "Elarcosa, Rommel T."]
[Result "1-0"]
[ECO "A48"]
[WhiteElo "2090"]
[BlackElo "1645"]
[Annotator "NA RC"]
[PlyCount "91"]
[EventDate "2024.11.24"]
[EventType "swiss"]
[EventCountry "QAT"]
[SourceTitle "playchess.com"]
[Source "ChessBase"]
[SourceQuality "1"]
[TimeControl "40/5400+30:1800+30"]

1. Nf3 c5 2. e3 g6 3. d4 Bg7 4. Be2 Nf6 5. O-O b6 6. d5 d6 7. Nc3 O-O 8. e4 h6 9. Re1 Re8 10. e5 dxe5 11. Nxe5 Bb7 12. Bb5 Rf8 13. Bc4 b5 14. Nxb5 Bxd5 15. Bxd5 Nxd5 16. Qf3 a6 17. Na3 Nb6 18. Ng4 Kh7 19. Bxh6 Qd5 20. Qh3 Qh5 21. Bxg7 Qxh3 22. gxh3 Kxg7 23. Rxe7 Nc6 24. Rc7 Rac8 25. Rxc8 Rxc8 26. Rd1 Nd4 27. c3 Nf5 28. Ne3 Nh4 29. Rd6 Rb8 30. b3 Rb7 31. f4 Nc8 32. Rd8 Ne7 33. Nac4 Ng8 34. Kf2 Nf6 35. Kg3 Nf5+ 36. Nxf5+ gxf5 37. Nd6 Ne4+ 38. Kf3 Nxd6 39. Rxd6 c4 40. b4 a5 41. bxa5 Rb5 42. a6 Ra5 43. Ke3 Rxa2 44. Kd4 Rd2+ 45. Kc5 Rxh2 46. a7 1-0